 Dungeon Crawl Stone Soup version 0.31-a0-1405-g2bb1a01664 (webtiles) character file.

Game seed: 1654292081260181791

8375 Sabo the Nimble (level 11, -5/93 HPs)
             Began as a Gnoll Monk on Dec 24, 2023.
             Was a Priest of Ashenzari.
             Slain by an orc warrior
             ... wielding a +0 trident
              (8 damage)
             ... on level 2 of the Orcish Mines on Dec 25, 2023.
             The game lasted 01:01:56 (10546 turns).

Sabo the Nimble (Gnoll Monk)                       Turns: 10546, Time: 01:01:57

Health: -5/93      AC: 16    Str: 24    XL:     11   Next: 29%
Magic:  23/23      EV: 18    Int: 11    God:    Ashenzari [***...]
Gold:   725        SH:  0    Dex: 20    Spells: 27/27 levels left

rFire   . . .        D - +11 hand axe of Ashenzari's Ordeal {drain, Str+4, Elem, Self} (curse)
rCold   . . .        d - orb of the Profound Stars {light, Sorc, Dev} (curse)
rNeg    . . .        p - +5 ring mail "Urgency of Ashenzari" {rElec rPois, Comp, Self} (curse)
rPois   +            g - +0 helmet
rElec   +            B - +0 cloak
rCorr   .            C - +0 pair of gloves
SInv    +            (no boots)
Will    .....        (no amulet)
Stlth   ++           u - ring "Ruined Jealousy" {Str+6, Range, Fort} (curse)
HPRegen 0.35/turn    a - ring of Supernal Wisdom {Dex+6, Fort, Cun} (curse)
MPRegen 0.18/turn

%: clarity
@: glowing
A: fangs 1, strong nose, distributed training
a: Renounce Religion, Curse Item, Shatter the Chains


You were on level 2 of the Orcish Mines.
You worshipped Ashenzari.
Ashenzari was most pleased with you.
You visited 3 branches of the dungeon, and saw 12 of its levels.

You collected 725 gold pieces.

Inventory:

Hand Weapons
 m - a +0 scythe
 q - a +0 arbalest
 r - a +2 hammer of holy wrath
 A - a +3 battleaxe
 D - the cursed +11 hand axe of Ashenzari's Ordeal (weapon) {drain, Str+4, Elem, Self}
   (You found it on level 6 of the Dungeon)

   Str+4:     It affects your strength (+4).
   It has a curse which improves the following skills: Elements: Fire Magic, Ice
   Magic, Air Magic and Earth Magic.
   Introspection: Fighting and Spellcasting.
Missiles
 t - 9 poisoned darts
Armour
 d - the cursed orb of the Profound Stars (worn) {light, Sorc, Dev}

   It has a curse which improves the following skills: Sorcery: Conjurations and
   Alchemy.
   Devices:   Evocations and Shapeshifting.
 g - a +0 helmet (worn)
 l - a +2 buckler
 p - the cursed +5 ring mail "Urgency of Ashenzari" (worn) {rElec rPois, Comp, Self}
   (You found it on level 3 of the Dungeon)

   rElec:     It insulates you from electricity.
   rPois:     It protects you from poison It has a curse which improves the
   following skills: Companions: Summonings and Necromancy.
   Introspection: Fighting and Spellcasting.
 z - the +5 ring mail of Sif Muna's Grace {rElec rCorr Str+6 Dex-4}
   (You found it on level 5 of the Dungeon)

   Str+6:     It affects your strength (+6).
   Dex-4:     It affects your dexterity (-4).
   rElec:     It insulates you from electricity.
   rCorr:     It protects you from acid and corrosion.
 B - a +0 cloak (worn)
 C - a +0 pair of gloves (worn)
Jewellery
 a - the cursed ring of Supernal Wisdom (right hand) {Dex+6, Fort, Cun}
   (You found it on level 3 of the Dungeon)

   [ring of dexterity]

   Dex+6:     It affects your dexterity (+6).
   It has a curse which improves the following skills: Fortitude: Armour and
   Shields.
   Cunning:   Dodging and Stealth.
 e - a ring of protection from cold
 u - the cursed ring "Ruined Jealousy" (left hand) {Str+6, Range, Fort}
   (You found it on level 4 of the Dungeon)

   [ring of strength]

   Str+6:     It affects your strength (+6).
   It has a curse which improves the following skills: Ranged Combat: Ranged
   Weapons and Throwing.
   Fortitude: Armour and Shields.
Talismans
 s - a beast talisman
 J - a serpent talisman
Wands
 I - a wand of roots (8)
 K - a wand of mindburst (7)
 L - a wand of flame (11)
Scrolls
 b - a scroll of revelation
 h - 4 scrolls of blinking
 k - a scroll of silence
 o - 3 scrolls of teleportation
 F - a scroll of poison
 H - a scroll of fog
Potions
 f - 2 potions of mutation
 i - 3 potions of curing
 j - a potion of enlightenment
 n - 2 potions of haste
 v - 2 potions of resistance
 G - a potion of might
 M - a potion of lignification


   Skills:
 + Level 9.2(11.5) Fighting
 + Level 6.4 Short Blades
 + Level 6.4 Long Blades
 + Level 9.2 Axes
 + Level 6.4 Maces & Flails
 + Level 6.4 Polearms
 + Level 6.4 Staves
 + Level 6.4(7.9) Ranged Weapons
 + Level 6.4(7.9) Throwing
 + Level 6.4(8.6) Armour
 + Level 9.2(10.7) Dodging
 + Level 6.4(7.9) Stealth
 + Level 6.4(8.6) Shields
 + Level 6.4 Unarmed Combat
 + Level 6.4(8.6) Spellcasting
 + Level 5.3(6.8) Conjurations
 + Level 5.3 Hexes
 + Level 5.3(6.8) Summonings
 + Level 5.3(6.8) Necromancy
 + Level 5.3 Translocations
 + Level 5.3(6.8) Fire Magic
 + Level 5.3(6.8) Ice Magic
 + Level 5.3(6.8) Air Magic
 + Level 5.3(6.8) Earth Magic
 + Level 5.3(6.8) Alchemy
 + Level 7.0 Invocations
 + Level 6.4(7.9) Evocations
 + Level 5.8(7.3) Shapeshifting


You had 27 spell levels left.
You didn't know any spells.
Your spell library contained the following spells:

 Spells                   Type           Power      Damage    Failure   Level
 Necrotise                Necr           76%        1d7       1%          1
 Static Discharge         Conj/Air       38%        3-5/arc   1%          2
 Slow                     Hex            64%        N/A       2%          1
 Ozocubu's Armour         Ice            19%        N/A       4%          3
 Vampiric Draining        Necr           19%        2d7       4%          3
 Confusing Touch          Hex            16%        N/A       8%          3
 Sigil of Binding         Hex            16%        N/A       8%          3
 Airstrike                Air            9%         2d(2-18)  13%         4
 Summon Lightning Spire   Summ/Air       19%        N/A       13%         4
 Agony                    Necr           19%        N/A       36%         5
 Metabolic Englaciation   Hex/Ice        9%         N/A       45%         5
 Simulacrum               Ice/Necr       9%         N/A       90%         6
 Malign Gateway           Summ/Tloc      9%         N/A       100%        7
 Summon Horrible Things   Summ           9%         N/A       100%        8


Dungeon Overview and Level Annotations

Branches:
Dungeon (9/15)             Temple (1/1) D:7            Lair (0/5) D:8
    Orc (2/2) D:9
    Elf: Orc:2

Altars:
Ashenzari
Cheibriados
Dithmenos
Elyvilon
Fedhas
Gozag
Hepliaklqana
Kikubaaqudgha
Makhleb
Okawaru
Qazlal
Ru
Trog
Uskayaw
Vehumet
Wu Jian
Xom
Yredelemnul
Zin
The Shining One

Annotations:
D:6 Blork the orc
D:8 2 transporters


Innate Abilities, Weirdness & Mutations

You have very sharp teeth.
Your uncanny sense of smell can sniff out nearby items.
Your experience applies equally to all skills.


Message History

The orc knight hits you with a +0 broad axe!
* * * LOW HITPOINT WARNING * * *
You miss the orc knight. You barely miss the orc.
The orc warrior hits you but does no damage.
The orc unwields a +0 mace.
The orc wields a +0 orcbow.
The orc shoots an arrow.
The arrow misses you.
The orc knight unwields a +0 broad axe.
The orc knight wields a +0 arbalest.
The orc knight shoots a bolt.
The bolt barely misses you. The orc warrior completely misses you.
Things that are here:
a +0 mace; a +0 orcbow You feel less invigorated.
You feel less confused.
The orc knight shoots a bolt.
The bolt hits you!
* * * LOW HITPOINT WARNING * * *
The orc shoots an arrow.
The arrow barely misses you.
The orc warrior hits you from afar with a +0 trident!
* * * LOW HITPOINT WARNING * * *
The orc knight shoots a bolt.
The bolt barely misses you.
The orc shoots an arrow.
The arrow hits you but does no damage.
Things that are here:
a +0 orcbow; a +0 hand axe; an orc corpse The orc warrior misses you.
The orc warrior closely misses you.
The orc knight unwields a +0 arbalest.
The orc knight wields a +0 broad axe.
The orc knight closely misses you.
The orc warrior shoots an arrow.
The arrow barely misses you.
You slash the orc!
You kill the orc!
You hit the orc. You drain the orc.
You kill the orc!
You hit the orc knight. You drain the orc knight. You hit the orc warrior.
You drain the orc warrior. The orc warrior barely misses you.
The orc warrior hits you from afar with a +0 trident.
* * * LOW HITPOINT WARNING * * *
The orc knight barely misses you.
You feel better.
The orc warrior hits you with a +0 battleaxe!
* * * LOW HITPOINT WARNING * * *
The orc warrior hits you from afar with a +0 trident!
You die...

......#........$........
c.......................
,#..##.............
##..#..............
##..##...........#......
................$).......
........##..).#..$....#..
###########.))oooo.......
### ##.###)#@)........
##.## #....).))).#...#..
##...# ##.......#.#....#
#.#..## ###.##.#...#....#
......### ###...#...##.#.
..##....## ##.##...# #..
..#......#### #......# #.
....<...###.###......#.
#.....................#


You could see an orc knight (drained) and 3 orc warriors.

Vanquished Creatures
  The ghost of MisterAzrael the Artisan of Death, a novice DENe of Kikubaaqudgha (D:8)
  A kobold blastminer (Orc:2)
  Joseph (D:7)
  Jeremiah (D:9)
  A troll (D:9)
  A hornet (D:9)
  Sigmund (D:3)
  A wyvern (D:9)
  A steam dragon (D:9)
  A warg (Orc:1)
  An acid dragon (D:9)
  2 black bears
  18 orc warriors
  Duvessa (D:7)
  2 ice beasts (D:7)
  The ghost of croobank the Firebug, an amateur DgFE (D:3)
  6 centaurs
  2 phantoms
  2 kobold brigands
  3 bullfrogs
  2 scorpions
  Dowan (D:7)
  4 wights (D:6)
  18 killer bees
  5 howler monkeys
  2 quasits (D:3)
  5 hounds
  2 jellies
  10 orc priests
  Crazy Yiuf (D:7)
  A gnoll bouda (D:8)
  2 iguanas (D:6)
  2 sleepcaps (D:6)
  13 orc wizards
  5 gnolls (D:8)
  11 adders
  4 worms
  3 dart slugs
  56 orcs
  7 ball pythons
  3 bats
  5 endoplasms
  8 giant cockroaches
  2 goblins
  5 hobgoblins
  6 jackals (D:2)
  6 kobolds
  4 quokkas
  A frilled lizard (D:3)
  A rat (D:1)
243 creatures vanquished.

Vanquished Creatures (others)
  An orc warrior (Orc:2)
1 creature vanquished.

Grand Total: 244 creatures vanquished

Notes
Turn   | Place    | Note
-------+----------+-------------------------------------------
     0 | D:1      | Sabo the Gnoll Monk began the quest for the Orb.
     0 | D:1      | Reached XP level 1. HP: 23/23 MP: 1/1
   338 | D:1      | Reached XP level 2. HP: 29/29 MP: 2/2
   994 | D:2      | Reached XP level 3. HP: 35/35 MP: 2/4
  1017 | D:2      | You fall into a shaft and drop 1 floor!
  1041 | D:3      | Found a snail-covered altar of Cheibriados.
  1052 | D:3      | Found a blossoming altar of Fedhas.
  1052 | D:3      | Found a glowing silver altar of Zin.
  1056 | D:3      | Found a broken altar of Ashenzari.
  1062 | D:3      | Became a worshipper of Ashenzari the Shackled
  1121 | D:3      | Reached skill level 1 in Invocations
  1249 | D:3      | Reached skill level 1 in Short Blades
  1249 | D:3      | Reached skill level 1 in Long Blades
  1249 | D:3      | Reached skill level 1 in Maces & Flails
  1249 | D:3      | Reached skill level 1 in Polearms
  1249 | D:3      | Reached skill level 1 in Staves
  1249 | D:3      | Reached skill level 1 in Ranged Weapons
  1249 | D:3      | Reached skill level 1 in Throwing
  1249 | D:3      | Reached skill level 1 in Armour
  1249 | D:3      | Reached skill level 1 in Stealth
  1249 | D:3      | Reached skill level 1 in Shields
  1249 | D:3      | Reached skill level 1 in Unarmed Combat
  1249 | D:3      | Reached skill level 1 in Spellcasting
  1249 | D:3      | Reached skill level 1 in Evocations
  1301 | D:3      | Reached skill level 1 in Shapeshifting
  1301 | D:3      | Reached XP level 4. HP: 40/41 MP: 5/5
  1313 | D:3      | Found a transporter.
  1385 | D:3      | Reached skill level 1 in Conjurations
  1385 | D:3      | Reached skill level 1 in Hexes
  1385 | D:3      | Reached skill level 1 in Summonings
  1385 | D:3      | Reached skill level 1 in Necromancy
  1385 | D:3      | Reached skill level 1 in Translocations
  1385 | D:3      | Reached skill level 1 in Fire Magic
  1385 | D:3      | Reached skill level 1 in Ice Magic
  1385 | D:3      | Reached skill level 1 in Air Magic
  1385 | D:3      | Reached skill level 1 in Earth Magic
  1385 | D:3      | Reached skill level 1 in Alchemy
  1394 | D:3      | HP: 2/41 [orc priest/+0 flail (3)]
  1396 | D:3      | Reached XP level 5. HP: 2/47 MP: 5/7
  1608 | D:3      | Found a transporter.
  1612 | D:3      | Noticed croobank's ghost (amateur DgFE)
  1663 | D:3      | Noticed Sigmund
  1680 | D:3      | Killed Sigmund
  1681 | D:3      | Reached XP level 6. HP: 43/53 MP: 7/9
  1826 | D:3      | Identified the +5 ring mail of the Kettle-Drum {rElec
                  | rPois}
  1840 | D:3      | Reached * piety under Ashenzari
  3534 | D:3      | Killed croobank's ghost
  3535 | D:3      | Reached XP level 7. HP: 33/56 MP: 11/11
  3723 | D:3      | Reached ** piety under Ashenzari
  4645 | D:5      | Entered Level 5 of the Dungeon
  4687 | D:5      | Reached XP level 8. HP: 59/65 MP: 12/14
  5312 | D:5      | Identified the +5 ring mail of Sif Muna's Grace {rElec
                  | rCorr Str+6 Dex-4}
  5594 | D:6      | Reached XP level 9. HP: 32/75 MP: 16/16
  5782 | D:6      | Upgraded the game from 0.31-a0-1370-gf52a5a9ab3 to
                  | 0.31-a0-1405-g2bb1a01664
  5882 | D:6      | Identified the +11 hand axe of the Walnut {drain, Str+4}
  5910 | D:6      | Reached *** piety under Ashenzari
  6026 | D:6      | Noticed Blork the orc
  6333 | D:7      | Found a runed translucent door.
  6334 | D:7      | Noticed Crazy Yiuf
  6339 | D:7      | Killed Crazy Yiuf
  6658 | D:7      | Noticed Joseph
  6659 | D:7      | Noticed Duvessa
  6665 | D:7      | Noticed Dowan
  6671 | D:7      | Killed Joseph
  6672 | D:7      | Reached skill level 5 in Invocations
  6673 | D:7      | Killed Dowan
  6679 | D:7      | Killed Duvessa
  6830 | D:7      | Found a staircase to the Ecumenical Temple.
  6950 | D:7      | Found a hazy altar of Hepliaklqana.
  7049 | Temple   | Entered the Ecumenical Temple
  7230 | D:8      | Reached skill level 5 in Short Blades
  7230 | D:8      | Reached skill level 5 in Long Blades
  7230 | D:8      | Reached skill level 5 in Maces & Flails
  7230 | D:8      | Reached skill level 5 in Polearms
  7230 | D:8      | Reached skill level 5 in Staves
  7230 | D:8      | Reached skill level 5 in Ranged Weapons
  7230 | D:8      | Reached skill level 5 in Throwing
  7230 | D:8      | Reached skill level 5 in Armour
  7230 | D:8      | Reached skill level 5 in Stealth
  7230 | D:8      | Reached skill level 5 in Shields
  7230 | D:8      | Reached skill level 5 in Unarmed Combat
  7230 | D:8      | Reached skill level 5 in Spellcasting
  7230 | D:8      | Reached skill level 5 in Evocations
  7230 | D:8      | Reached XP level 10. HP: 75/86 MP: 20/20
  7289 | D:8      | Found a staircase to the Lair.
  7898 | D:8      | Found a transporter.
  7898 | D:8      | Found a transporter.
  7921 | D:8      | Found a transporter.
  7931 | D:8      | Found a transporter.
  8019 | D:8      | Found a runed translucent gate.
  8019 | D:8      | Found a runed translucent gate.
  8019 | D:8      | Found a runed translucent gate.
  8052 | D:8      | Noticed MisterAzrael's ghost (novice DENe)
  8066 | D:8      | Killed MisterAzrael's ghost
  8588 | D:9      | Found a white marble altar of Elyvilon.
  8693 | D:9      | Reached skill level 5 in Shapeshifting
  8777 | D:9      | Noticed Jeremiah
  8811 | D:9      | Killed Jeremiah
  9231 | D:9      | Found an iron altar of Okawaru.
  9493 | D:9      | Found a staircase to the Orcish Mines.
  9720 | Orc:1    | Entered Level 1 of the Orcish Mines
  9843 | Orc:1    | Reached skill level 5 in Conjurations
  9843 | Orc:1    | Reached skill level 5 in Hexes
  9843 | Orc:1    | Reached skill level 5 in Summonings
  9843 | Orc:1    | Reached skill level 5 in Necromancy
  9843 | Orc:1    | Reached skill level 5 in Translocations
  9843 | Orc:1    | Reached skill level 5 in Fire Magic
  9843 | Orc:1    | Reached skill level 5 in Ice Magic
  9843 | Orc:1    | Reached skill level 5 in Air Magic
  9843 | Orc:1    | Reached skill level 5 in Earth Magic
  9843 | Orc:1    | Reached skill level 5 in Alchemy
  9843 | Orc:1    | Reached XP level 11. HP: 53/93 MP: 23/23
 10233 | Orc:2    | Entered Level 2 of the Orcish Mines
 10529 | Orc:2    | Noticed an orc knight
 10546 | Orc:2    | HP: 3/93 [orc warrior/+0 battleaxe (14)]
 10546 | Orc:2    | Slain by an orc warrior

Illustrated notes

Levels and vault maps discovered:
D:1:      kennysheep_arrival_seaside, layout_basic
D:2:      layout_basic, corexii_corridor_pit
D:3:      layout_loops_cross, minitemple, gammafunk_ghost_stat_death,
          kennysheep_generic_room_9, uniq_sigmund
D:4:      layout_loops_ring
D:5:      layout_basic
D:6:      layout_rooms, tgw_sif, minmay_diced_spiral
D:7:      layout_loops_ring, lemuel_round_altar, minmay_temple_entry_tees,
          uniq_crazy_yiuf_cottage, uniq_duvessa, uniq_joseph
D:8:      layout_loops_ring, lair_entry_dummy, gammafunk_ghost_spectres,
          nicolae_diode_quadrants
D:9:      layout_roguey, nicolae_elyvilon_peaceful_grove,
          mainiacjoe_overflow_six_doors_small, david_orc_2, serial_corexii_hall,
          chequers_hall_statues_wall_a, corexii_hall_statues_l, uniq_jeremiah
Temple:   oiseaux_autumnal_temple
Orc:1:    layout_caves, nicolae_orc_sculptors_studio, minmay_orc_temple_a
Orc:2:    st_orc_rangers, layout_diamond_mine, einodemon_barbed_minivault

Skill      XL: |  1  2  3  4  5  6  7  8  9 10 11 |
---------------+----------------------------------+-----
Invocations    | 1 2 3 4 5 6 7 |  7.0
Short Blades   | 1 2 3 5 6 |  6.4
Long Blades    | 1 2 3 5 6 |  6.4
Maces & Flails | 1 2 3 5 6 |  6.4
Polearms       | 1 2 3 5 6 |  6.4
Staves         | 1 2 3 5 6 |  6.4
Ranged Weapons | 1 2 3 5 6 |  6.4
Throwing       | 1 2 3 5 6 |  6.4
Armour         | 1 2 3 5 6 |  6.4
Stealth        | 1 2 3 5 6 |  6.4
Shields        | 1 2 3 5 6 |  6.4
Unarmed Combat | 1 2 3 5 6 |  6.4
Spellcasting   | 1 2 3 5 6 |  6.4
Evocations     | 1 2 3 5 6 |  6.4
Shapeshifting  | 1 2 3 4 5 |  5.8
Conjurations   | 1 2 3 4 5 |  5.3
Hexes          | 1 2 3 4 5 |  5.3
Summonings     | 1 2 3 4 5 |  5.3
Necromancy     | 1 2 3 4 5 |  5.3
Translocations | 1 2 3 4 5 |  5.3
Fire Magic     | 1 2 3 4 5 |  5.3
Ice Magic      | 1 2 3 4 5 |  5.3
Air Magic      | 1 2 3 4 5 |  5.3
Earth Magic    | 1 2 3 4 5 |  5.3
Alchemy        | 1 2 3 4 5 |  5.3
Fighting       | 7 8 9 |  9.2
Axes           | 7 8 9 |  9.2
Dodging        | 7 8 9 |  9.2

Action                     |  1- 3 |  4- 6 |  7- 9 | 10-12 || total
---------------------------+-------+-------+-------+-------++-------
  Melee: Hand axe          |    66 |    62 |    61 |   220 ||   409
         Bite              |     9 |    20 |    32 |    26 ||    87
         War axe           |       |    41 |   166 |       ||   207
 Invoke: Curse Item        |     1 |     1 |     3 |       ||     5
    Use: Scroll            |     2 |       |       |       ||     2
         Potion            |       |       |     2 |     3 ||     5
   Stab: Sleeping          |       |       |       |     1 ||     1
 Armour: Robe              |     6 |       |       |       ||     6
         Chain mail        |    42 |    24 |       |       ||    66
         Ring mail         |       |   101 |   165 |   151 ||   417
  Dodge: Dodged            |    32 |   120 |   226 |   232 ||   610
         Form:             |       |       |     1 |       ||     1
         Beast             |       |       |     1 |       ||     1

Table legend: (Time is in decaauts)
 A = Elapsed time spent in this place.
 B = Non-inter-level travel time spent in this place.
 C = Inter-level travel time spent in this place.
 D = Time resting spent in this place.
 E = Time spent auto-exploring this place.
 F = Levels seen in this place.
 G = Mean time per level.
                   A        B        C        D        E       F      G
               +--------+--------+--------+--------+--------+-----+--------+
         Total |  10533 |  10533 |      0 |   1869 |      0 |  12 |  877.8 |
       Dungeon |   9718 |   9718 |      0 |   1719 |      0 |   9 | 1079.8 |
        Temple |      3 |      3 |      0 |      0 |      0 |   1 |    3.0 |
  Orcish Mines |    811 |    811 |      0 |    150 |      0 |   2 |  405.5 |
               +--------+--------+--------+--------+--------+-----+--------+

Top non-repeatable levels by time:
     D:3: 1652 daAuts
     D:8: 1347 daAuts
     D:2: 1254 daAuts
     D:9: 1134 daAuts
     D:7: 954 daAuts
     D:1: 883 daAuts
     D:4: 867 daAuts
     D:5: 860 daAuts
     D:6: 763 daAuts
   Orc:1: 507 daAuts
   Orc:2: 304 daAuts
  Temple: 3 daAuts
